 Dungeon Crawl Stone Soup version 0.22-a0-419-g492bfec (webtiles) character file.

273 dstrtnsr the Ruffian (level 6, -6/61 HPs)
             Began as a Troll Fighter on May 15, 2018.
             Killed by nerve-wracking pain
             ... invoked by an orc priest
              (13 damage)
             ... on level 4 of the Dungeon.
             The game lasted 00:01:33 (739 turns).

dstrtnsr the Ruffian (Troll Fighter)                 Turns: 739, Time: 00:01:34

Health: -6/61      AC:  5    Str: 27    XL:     6   Next: 2%
Magic:  5/5        EV:  8    Int:  4    God:
Gold:   49         SH:  9    Dex:  9    Spells: 5/5 levels left

rFire    . . .     SeeInvis .     - Unarmed
rCold    . . .     Gourm    +   b - +0 shield
rNeg     . . .     Faith    .   a - +0 robe
rPois    .         Spirit   .   (helmet restricted)
rElec    .         Reflect  .   (no cloak)
rCorr    .         Harm     .   (gloves unavailable)
MR       .....                  (boots unavailable)
Stlth    +.........             (no amulet)
HPRegen  0.60/turn              (no ring)
MPRegen  0.09/turn              (no ring)

@: no status effects
A: large, unfitting armour, claws 3, fast metabolism 3, gourmand, regeneration
1, shaggy fur 1, tough skin 2
a: no special abilities


You were on level 4 of the Dungeon.
You were full.

You visited 1 branch of the dungeon, and saw 4 of its levels.

You collected 49 gold pieces.

Inventory:

Missiles
 g - a throwing net (quivered)
Armour
 a - a +0 robe (worn)
 b - a +0 shield (worn)
Jewellery
 i - an uncursed ring of resist corrosion {unknown}
Scrolls
 d - a scroll of identify {unknown}
 h - a scroll of remove curse {unknown}
Comestibles
 e - 3 rations {!d}


   Skills:
 + Level 3.4 Fighting
 - Level 2.4 Dodging
 + Level 3.5 Shields
 * Level 4.6 Unarmed Combat


You had 5 spell levels left.
You didn't know any spells.
Your spell library was empty.

Dungeon Overview and Level Annotations

Branches:
Dungeon (4/15)
 Temple: D:4-7

Altars:
Vehumet

Annotations:
D:4 exclusion: statue


Innate Abilities, Weirdness & Mutations

You are too large for most types of armour.
You have claws for hands.
Your metabolism is lightning-fast.
You like to eat raw meat.
Your natural rate of healing is unusually fast.
You are covered in fur. (AC +1)
You have very tough skin. (AC +2)


Message History

There is an open door here.
Found a stone staircase leading up.
There is a stone staircase leading up here.
An ogre comes into view. It is wielding a giant club.
The ogre shouts!
An ogre is nearby!
An ogre is nearby!
An ogre is nearby!
The ogre hits you with a giant club.
You barely miss the ogre. The ogre hits you with a giant club!
You scratch the ogre but do no damage. The ogre hits you with a giant club.
You barely miss the ogre. You scratch the ogre.
The ogre is lightly wounded.
The ogre hits you with a giant club!
* * * LOW HITPOINT WARNING * * *
You are too injured to fight recklessly!
You are too injured to fight recklessly!
You are too injured to fight recklessly!
There is a stone staircase leading up here.
There is an open door here.
There is an open door here.
Things that are here:
a hand axe; a leather armour; an orc corpse You feel very mighty all of a sudden.
You scratch the ogre.
The ogre is moderately wounded.
The ogre barely misses you.
You mangle the ogre!!
You kill the ogre!
Your base attributes are Str 25, Int 4, Dex 9.
Increase (S)trength, (I)ntelligence, or (D)exterity?
Unknown command.
As you read the scroll labeled DOECZI KELE, it crumbles to dust.
You feel strangely unstable.
It was a scroll of teleportation.
Unknown command.
Your surroundings suddenly seem different.
Found 8 needles of frenzy.
Marking area around the charred statue as unsafe for travelling.
The charred statue gestures at you. The puff of flame hits you!
Found a radiant altar of Vehumet.
Unknown command.
An orc priest comes into view. It is wielding a mace.
An orc and an orc warrior come into view.
The orc warrior shouts!
The orc priest shouts!
You hear a shout!
An orc comes into view. It is wielding a club.
The orc moves out of view.
You feel a little less mighty now.
The orc priest casts a cantrip, but nothing happens.
The orc priest miscasts a cantrip.
You aren't carrying any potions.
Unknown command.
As you read the scroll of teleportation {!d}, it crumbles to dust.
You feel strangely unstable.
The orc throws a tomahawk.
You block the tomahawk.
You see here a tomahawk.
Your surroundings seem slightly different.
An orc comes into view. It is wielding a hand axe.
The orc shouts!
The orc warrior barely misses you.
The orc priest miscasts a cantrip.
The orc warrior hits you with a glaive!!
You closely miss the orc warrior. The orc priest hits you with a mace!
The orc warrior hits you from afar with a glaive!
* * * LOW HITPOINT WARNING * * *
The orc throws a tomahawk.
The tomahawk hits you.
* * * LOW HITPOINT WARNING * * *
The orc hits you with a hand axe.
* * * LOW HITPOINT WARNING * * *
You are too injured to fight recklessly!
You are too injured to fight recklessly!
You are too injured to fight recklessly!
You are too injured to fight recklessly!
You scratch the orc.
The orc is moderately wounded.
The orc hits you with a hand axe.
* * * LOW HITPOINT WARNING * * *
You claw the orc warrior!
The orc warrior is heavily wounded.
You block the orc warrior's attack. The orc priest hits you with a mace.
* * * LOW HITPOINT WARNING * * *
You scratch the orc warrior but do no damage.
The orc warrior is heavily wounded.
The orc hits you but does no damage. The orc warrior closely misses you.
The orc priest calls down the wrath of Beogh upon you.
Pain shoots through your body!
* * * LOW HITPOINT WARNING * * *
You barely miss the orc warrior.
The orc warrior is heavily wounded.
The orc hits you but does no damage. You block the orc priest's attack.
The orc warrior barely misses you.
You closely miss the orc warrior.
The orc warrior is heavily wounded.
You block the orc's attack.
You scratch the orc warrior.
The orc warrior is severely wounded.
The orc priest invokes the aid of Beogh against you.
Pain shoots through your body!
You die...

#.. ........
#.####### #......#
#.#(..... #..#o..#
#....._.8 #...#..#
##.# #.#..#.#
#.(#########..o..#.
#...o..o.......#..#.
#.##o##............#
#...o@o........#..#.
#######........#
###......# #......#
#......# ####+###


You could see an orc warrior, an orc priest and 2 orcs.

Vanquished Creatures
  A phantom (D:4)
  An ogre (D:4)
  A centaur skeleton (D:4)
  A worker ant (D:4)
  An adder (D:4)
  An ooze (D:4)
  2 dart slugs (D:1)
  A leopard gecko (D:4)
  7 orcs (D:4)
  2 bats
  2 giant cockroaches
  3 hobgoblins
  2 quokkas (D:4)
  A leopard gecko skeleton (D:4)
  A rat (D:1)
27 creatures vanquished.

Notes
Turn   | Place    | Note
-------+----------+-------------------------------------------
     0 | D:1      | dstrtnsr the Troll Fighter began the quest for the Orb.
     0 | D:1      | Reached XP level 1. HP: 22/22 MP: 0/0
   122 | D:1      | Reached XP level 2. HP: 29/29 MP: 1/1
   334 | D:4      | HP: 9/29 [orc/mace (5)]
   408 | D:4      | Reached XP level 3. HP: 36/36 MP: 2/2
   444 | D:4      | Noticed a phantom
   455 | D:4      | Reached skill level 3 in Unarmed Combat
   461 | D:4      | Reached XP level 4. HP: 42/45 MP: 3/3
   468 | D:4      | Killed a phantom
   468 | D:4      | Reached skill level 4 in Unarmed Combat
   468 | D:4      | Reached XP level 5. HP: 32/53 MP: 4/4
   619 | D:4      | Noticed an ogre
   624 | D:4      | HP: 13/53 [ogre/giant club (15)]
   659 | D:4      | Killed an ogre
   659 | D:4      | Reached XP level 6. HP: 37/61 MP: 5/5
   699 | D:4      | Found a radiant altar of Vehumet.
   713 | D:4      | Noticed an orc warrior
   731 | D:4      | HP: 15/61 [orc warrior/glaive (12)]
   736 | D:4      | HP: 6/61 [orc priest/nerve-wracking pain (6)]
   739 | D:4      | Killed from afar by an orc priest

Vault maps used:
D:1:      ncdulo_halloftheorcs, serial_curves, eino_curves_01, eino_curves_02
D:2:      zin_treasury
D:3:      uniq_natasha, uniq_ijyb
D:4:      kennysheep_kobold_camp, fedhas_altar_1, vehumet_statue,
          hangedman_abyss_or_decor_slice

Skill      XL: |  1  2  3  4 |
---------------+-------------+-----
Unarmed Combat | 3 4 |  4.6
Fighting       | 3 |  3.4
Shields        | 3 |  3.5
Dodging        | |  2.4

Action                   |  1- 3 |  4- 6 || total
-------------------------+-------+-------++-------
Melee: Unarmed           |    68 |    39 ||   107
  Use: Potion            |       |     1 ||     1
       Scroll            |       |     2 ||     2
  Eat: Chunk             |     7 |     2 ||     9
Armor: Robe              |    25 |     5 ||    30
Dodge: Dodged            |    13 |    10 ||    23
Block: Shield            |    21 |    13 ||    34

Table legend:
 A = Spawn XP
 B = Non-spawn XP
 C = Spawn XP percentage of total XP
 D = Spawn monster count
 E = Non-spawn monster count
 F = Spawn count percentage of total count
 G = Total turns spent on level
                    A         B        C        D         E        F      G
               +---------+---------+-------+---------+---------+-------+---------
         Total |       0 |     390 |   0.0 |       0 |      27 |   0.0 |   739
               +---------+---------+-------+---------+---------+-------+---------
           D:1 |       0 |      17 |   0.0 |       0 |       7 |   0.0 |   137
           D:2 |       0 |       2 |   0.0 |       0 |       1 |   0.0 |    97
           D:3 |       0 |       4 |   0.0 |       0 |       2 |   0.0 |    30
           D:4 |       0 |     367 |   0.0 |       0 |      17 |   0.0 |   475
               +---------+---------+-------+---------+---------+-------+---------
